 Dungeon Crawl Stone Soup version 0.22-a0-533-g4d20840 (webtiles) character file.

9 iamserjio the Charmwright (level 2, 0/15 HPs)
             Began as a Vine Stalker Skald on June 22, 2018.
             Slain by an adder (3 damage)
             ... on level 2 of the Dungeon.
             The game lasted 00:01:38 (213 turns).

iamserjio the Charmwright (Vine Stalker Skald)       Turns: 213, Time: 00:01:39

Health: 0/15       AC:  4    Str: 13    XL:     2   Next: 12%
Magic:  0/6        EV: 11    Int: 13    God:
Gold:   24         SH:  0    Dex: 13    Spells: 2/5 levels left

rFire    . . .     SeeInvis .   d - +0 club
rCold    . . .     Gourm    .   (no shield)
rNeg     . . .     Faith    +   a - +0 leather armour
rPois    .         Spirit   +   j - +0 helmet
rElec    .         Reflect  .   (no cloak)
rCorr    .         Harm     .   (no gloves)
MR       .....                  (no boots)
Stlth    +.........             k - amulet of faith
HPRegen  0.05/turn              (no ring)
MPRegen  0.10/turn              (no ring)

@: infused
A: fangs 2, magic shield, antimagic bite, no potion heal 3, rot immunity
a: no special abilities


You were on level 2 of the Dungeon.
You were not hungry.

You visited 1 branch of the dungeon, and saw 3 of its levels.

You collected 24 gold pieces.

Inventory:

Hand Weapons
 d - a +0 club (weapon)
Armour
 a - a +0 leather armour (worn)
 j - a +0 helmet (worn)
Jewellery
 k - an amulet of faith (around neck)
Scrolls
 e - a scroll of noise {unknown}
 f - a scroll of teleportation {unknown}
 h - a scroll of fear {unknown}
 i - a scroll of identify {unknown}
Potions
 b - a potion of lignification {unknown}
 g - a potion of haste {unknown}
 l - a potion of degeneration {unknown}
Comestibles
 c - 2 rations


   Skills:
 + Level 2.0 Fighting
 - Level 0.7 Armour
 - Level 1.5 Dodging
 * Level 2.5 Unarmed Combat
 - Level 2.1 Spellcasting
 - Level 3.0 Charms


You had 2 spell levels left.
You knew the following spells:

 Your Spells              Type           Power        Failure   Level  Hunger
a - Infusion              Chrm           #...         10%         1    ##.....
b - Song of Slaying       Chrm           #.......     14%         2    ###....

Your spell library contained the following spells:

 Spells                   Type           Power        Failure   Level  Hunger
 Regeneration             Chrm/Necr      #.........   45%         3    ####...
 Shroud of Golubria       Chrm/Tloc      #.........   26%         2    ###....
 Spectral Weapon          Hex/Chrm       #.......     45%         3    ####...


Dungeon Overview and Level Annotations

Branches:
Dungeon (3/15)

Altars:


Innate Abilities, Weirdness & Mutations

You have extremely sharp teeth.
When hurt, damage is shared between your health and your magic reserves.
Your bite disrupts and absorbs the magic of your enemies.
Potions cannot restore your health.
You are immune to rotting.


Message History

The adder is moderately wounded.
The adder misses you.
You barely miss the adder.
The adder is moderately wounded.
The adder bites you but does no damage. The adder closely misses you.
You miss the adder. Your bite misses the adder.
The adder is moderately wounded.
The adder bites you but does no damage. The adder bites you.
You hit the adder.
The adder is severely wounded.
The adder bites you but does no damage.
You miss the adder. Your bite misses the adder.
The adder is severely wounded.
The adder bites you. x2
You barely miss the adder.
The adder is severely wounded.
The adder bites you.
* * * LOW HITPOINT WARNING * * *
The adder bites you.
You die...

........#
.......#
......#
#.....#
#.....#
#.....#
#..S..# #+###.
#..@..#####
#.....
#..........#
#.....
###'######.#
##.....
###'####...
.......
#....>...#
#....
###........#
#.. +....
#..........#
#.# #...<
###.........#
#.# #....
.............#
#.# ##.#.


You could see an adder.

Vanquished Creatures
  A leopard gecko (D:2)
  3 hobgoblins
  2 bats
  A frilled lizard (D:2)
  A goblin (D:1)
8 creatures vanquished.

Notes
Turn   | Place    | Note
-------+----------+-------------------------------------------
     0 | D:1      | iamserjio the Vine Stalker Skald began the quest for the Orb.
     0 | D:1      | Reached XP level 1. HP: 11/11 MP: 4/4
   164 | D:2      | Reached XP level 2. HP: 9/15 MP: 3/6
   173 | D:2      | Learned a level 2 spell: Song of Slaying
   213 | D:2      | Slain by an adder

Vault maps used:
D:1:      dpeg_arrival_tiny_i, minmay_hedge_maze, kennysheep_boxes
D:2:      nicolae_dithmenos_through_a_glass_darkly, kennysheep_okawaru_gauntlet,
          minmay_goblin_kobold_house
D:3:      serial_undead, serial_undead_e, serial_undead_f, serial_undead_a,
          serial_undead_b, serial_undead_e, serial_undead_d

Skill      XL: |  1 |
---------------+----+-----
Fighting       | 2 |  2.0
Armour         | |  0.7
Dodging        | |  1.5
Unarmed Combat | |  2.5
Spellcasting   | |  2.1
Charms         | |  3.0

Action                   || total
-------------------------++-------
Melee: Club              ||    26
       Bite              ||     6
       Unarmed           ||     2
 Cast: Infusion          ||     4
Armor: Leather armour    ||    16
Dodge: Dodged            ||    15

Table legend:
 A = Spawn XP
 B = Non-spawn XP
 C = Spawn XP percentage of total XP
 D = Spawn monster count
 E = Non-spawn monster count
 F = Spawn count percentage of total count
 G = Total turns spent on level
                    A         B        C        D         E        F      G
               +---------+---------+-------+---------+---------+-------+---------
         Total |       0 |      13 |   0.0 |       0 |       8 |   0.0 |   213
               +---------+---------+-------+---------+---------+-------+---------
           D:1 |       0 |       6 |   0.0 |       0 |       4 |   0.0 |    92
           D:2 |       0 |       7 |   0.0 |       0 |       4 |   0.0 |   119
               +---------+---------+-------+---------+---------+-------+---------
